 Dungeon Crawl Stone Soup version 0.22.1-2-g9c5b331383 (webtiles) character file.

448 Beodren the Covered (level 6, -9/56 HPs)
             Began as a Minotaur Fighter on Jan 1, 2019.
             Was an Initiate of the Shining One.
             Mangled by Pikel
             ... wielding a +0 whip of electrocution
              (13 damage)
             ... on level 5 of the Dungeon.
             The game lasted 00:09:17 (3846 turns).

Beodren the Covered (Minotaur Fighter)              Turns: 3846, Time: 00:09:17

Health: -9/56      AC: 17    Str: 20    XL:     6   Next: 73%
Magic:  5/5        EV:  4    Int:  5    God:    the Shining One [......]
Gold:   269        SH: 10    Dex: 12    Spells: 5/5 levels left

rFire    . . .     SeeInvis .   n - +1 falchion (slice)
rCold    . . .     Gourm    .   c - +0 shield
rNeg     . . .     Faith    .   e - +0 plate armour
rPois    .         Spirit   .   (helmet restricted)
rElec    .         Reflect  .   (no cloak)
rCorr    .         Harm     .   u - +0 pair of gloves
MR       .....                  m - +2 pair of boots
Stlth    ..........             (no amulet)
HPRegen  0.18/turn              (no ring)
MPRegen  0.09/turn              (no ring)

@: lethally poisoned (-9 -> -10), glowing
A: retaliatory headbutt, horns 2
a: Renounce Religion


You were on level 5 of the Dungeon.
You worshipped the Shining One.
The Shining One was noncommittal.
You were very hungry.

You visited 2 branches of the dungeon, and saw 6 of its levels.

You collected 269 gold pieces.

Inventory:

Hand Weapons
 a - a +0 long sword
 n - a +1 falchion of slicing (weapon)
Armour
 b - a +0 scale mail
 c - a +0 shield (worn)
 e - a +0 plate armour (worn)
 m - a +2 pair of boots (worn)
 u - a +0 pair of gloves (worn)
Scrolls
 h - 5 scrolls of identify {unknown}
 i - a scroll of fog {unknown}
 k - 2 scrolls of magic mapping {unknown}
 l - a scroll of fear {unknown}
 q - a scroll of immolation {unknown}
 r - 3 scrolls of remove curse {unknown}
 v - a scroll of blinking {unknown}
Potions
 d - 2 potions of might
 g - a potion of invisibility {unknown}
 j - a potion of lignification {unknown}
 o - a potion of curing {unknown}
 p - a potion of flight {unknown}
 s - a potion of brilliance {unknown}
 t - 2 potions of haste {unknown}
 w - a potion of agility {unknown}
Comestibles
 f - 7 rations


   Skills:
 * Level 5.3 Fighting
 + Level 5.2 Long Blades
 * Level 5.8 Armour
 + Level 0.2 Dodging
 + Level 5.0 Shields


You had 5 spell levels left.
You didn't know any spells.
Your spell library contained the following spells:

 Spells                   Type           Power        Failure   Level  Hunger
 Summon Small Mammal      Summ           #...         100%        1    ##.....
 Call Imp                 Summ           #.......     100%        2    ###....
 Call Canine Familiar     Summ           #.......     100%        3    ####...
 Summon Guardian Golem    Hex/Summ       #.......     100%        3    ####...
 Summon Ice Beast         Ice/Summ       #.......     100%        4    #####..
 Summon Lightning Spire   Summ/Air       #.......     100%        4    #####..


Dungeon Overview and Level Annotations

Branches:
Dungeon (5/15)             Temple (1/1) D:4

Altars:
Ashenzari
Cheibriados
Elyvilon
Gozag
Kikubaaqudgha
Nemelex Xobeh
Ru
Sif Muna
Wu Jian
The Shining One

Annotations:
D:5 Pikel, Sigmund


Innate Abilities, Weirdness & Mutations

You reflexively headbutt those who attack you in melee.
You have a pair of horns on your head.


Message History

The orc hits you but does no damage. You block the adder's attack.
You block Pikel's attack.
You barely miss Pikel. Your headbutt misses Pikel.
Pikel is lightly wounded.
The adder bites you but does no damage. The orc hits you but does no damage.
You block Pikel's attack.
Unknown command.
You hit Pikel.
Pikel is lightly wounded.
You feel sick. The adder bites you but does no damage.
You block the orc's attack. The adder bites you.
* * * LOW HITPOINT WARNING * * *
Pikel hits you but does no damage. The orc hits you but does no damage.
Unknown command.
You hit Pikel but do no damage.
Pikel is lightly wounded.
A slave comes into view.
You block the adder's attack. Pikel hits you but does no damage.
You are electrocuted!
You die...

.... #. ....
#......#
.....##.
....
#......#
........
o....#......
.....o.o
.....#.....
.....###
........).#
...
.......#p.#
. #...#o##p#
#..oS@K..#
#<.#######
##


You could see Pikel, 2 slaves, an adder and 2 orcs.

Vanquished Creatures
  2 centaurs (D:5)
  A centaur zombie (D:5)
  A bullfrog skeleton (D:5)
  Jessica (D:3)
  A worker ant (D:4)
  3 gnolls (D:3)
  5 adders (D:2)
  A shadow imp (D:5)
  3 worms
  5 dart slugs
  2 leopard geckos (D:3)
  2 orcs (D:4)
  2 ball pythons
  7 giant cockroaches
  7 goblins
  7 hobgoblins
  6 jackals
  8 kobolds
  5 quokkas
  7 bats
  7 frilled lizards
  4 rats
87 creatures vanquished.

Notes
Turn   | Place    | Note
-------+----------+-------------------------------------------
     0 | D:1      | Beodren the Minotaur Fighter began the quest for the Orb.
     0 | D:1      | Reached XP level 1. HP: 19/19 MP: 0/0
   149 | D:1      | Reached XP level 2. HP: 27/27 MP: 1/1
   574 | D:1      | Reached XP level 3. HP: 33/33 MP: 2/2
  1198 | D:2      | Reached XP level 4. HP: 37/40 MP: 3/3
  1840 | D:3      | Reached XP level 5. HP: 47/47 MP: 4/4
  1938 | D:3      | Noticed Jessica
  1948 | D:3      | Killed Jessica
  2273 | D:3      | Found a glowing drain.
  2805 | D:4      | Found a staircase to the Ecumenical Temple.
  3072 | D:4      | Reached skill level 5 in Armour
  3376 | Temple   | Entered the Ecumenical Temple
  3385 | Temple   | Became a worshipper of the Shining One
  3443 | D:5      | Entered Level 5 of the Dungeon
  3443 | D:5      | Noticed a centaur
  3449 | D:5      | Killed a centaur
  3449 | D:5      | Reached skill level 5 in Fighting
  3449 | D:5      | Reached XP level 6. HP: 39/56 MP: 5/5
  3495 | D:5      | Reached skill level 5 in Long Blades
  3495 | D:5      | Reached skill level 5 in Shields
  3529 | D:5      | Noticed Sigmund
  3833 | D:5      | Noticed Pikel
  3841 | D:5      | Noticed a slave
  3846 | D:5      | Noticed a slave
  3846 | D:5      | Mangled by Pikel

Skill      XL: |  1  2  3  4  5  6 |
---------------+-------------------+-----
Shields        | 4 5 |  5.0
Armour         | 4 5 |  5.8
Fighting       | 4 5 |  5.3
Long Blades    | 3 4 5 |  5.2
Dodging        | |  0.2

Action                   |  1- 3 |  4- 6 || total
-------------------------+-------+-------++-------
Melee: Long sword        |    94 |       ||    94
       Headbutt          |    13 |    33 ||    46
       Falchion          |    10 |   136 ||   146
  Eat: Chunk             |       |     5 ||     5
       Ration            |       |     1 ||     1
Armor: Plate armour      |    70 |    96 ||   166
       Scale mail        |     1 |       ||     1
Dodge: Dodged            |    15 |    23 ||    38
Block: Shield            |    68 |    88 ||   156
       Rpst.: Long sword |     3 |       ||     3
       Falchion          |       |     6 ||     6
